 Dungeon Sprint DCSS version 0.27-a0-1301-g128193abf8 (webtiles) character file.

Game seed: 16498255547845842291

351 mhtbhm the Slicer (level 6, -10/47 HPs)
             Began as a Kobold Berserker on June 17, 2021.
             Was an Elder of Trog.
             Mangled by an orc warrior (16 damage)
             ... in the Dungeon (Sprint IX: "|||||||||||||||||||||||||||||").
             The game lasted 00:00:48 (518 turns).

mhtbhm the Slicer (Kobold Berserker)                 Turns: 518, Time: 00:00:49

Health: -10/47     AC: 13    Str: 16    XL:     6   Next: 93%
Magic:  6/6        EV: 11    Int: 11    God:    Trog [****..]
Gold:   0          SH:  0    Dex: 15    Spells: 5/5 levels left

rFire    . . .     SeeInvis .   a - +2 rapier (drain)
rCold    . . .     Faith    .   (shield restricted)
rNeg     . . .     Spirit   .   b - +1 chain mail
rPois    .         Reflect  .   (no helmet)
rElec    .         Harm     .   (no cloak)
rCorr    .         Rampage  .   k - +0 pair of gloves
Will     .....     NoTele   +   (no boots)
Stlth    ..........             (no amulet)
HPRegen  0.15/turn              l - +3 ring of intelligence
MPRegen  0.10/turn              m - +2 ring of protection

@: on berserk cooldown, slowed, very slow
A: small, no large weapons, nightstalker 3
a: Renounce Religion, Berserk, Trog's Hand, Brothers in Arms


You were in the Dungeon.
You worshipped Trog.
Trog was greatly pleased with you.
You visited 1 branch

Inventory:

Hand Weapons
 a - a +2 rapier of draining (weapon)
Armour
 b - a +1 chain mail (worn)
 k - a +0 pair of gloves (worn)
Jewellery
 l - a +3 ring of intelligence (left hand)
 m - a +2 ring of protection (right hand)
Wands
 j - a wand of iceblast (10)
Scrolls
 h - a scroll of blinking
Potions
 c - 5 potions of curing
 d - 3 potions of heal wounds
 e - a potion of haste
 f - 4 potions of magic
 g - a potion of berserk rage
 i - a potion of invisibility


   Skills:
 + Level 9.4 Fighting
 + Level 11.2 Short Blades
 + Level 4.1 Armour
 + Level 6.9 Dodging
 + Level 1.6 Stealth


You had 5 spell levels left.
You didn't know any spells.
Your spell library was empty.

Dungeon Overview and Level Annotations

Branches:
Dungeon (1/1)

Altars:
Cheibriados
Dithmenos
Elyvilon
Fedhas
Gozag
Hepliaklqana
Kikubaaqudgha
Makhleb
Nemelex Xobeh
Okawaru
Qazlal
Ru
Sif Muna
Trog
Uskayaw
Vehumet
Wu Jian
Xom
Yredelemnul
Zin
The Shining One
Beogh
Jiyva
Lugonu


Innate Abilities, Weirdness & Mutations

You are small and have problems with some larger weapons.
You are completely attuned to the shadows.


Message History

You hit the hornet.
The hornet is almost dead.
The orc warrior hits you but does no damage.
The hornet stings you but does no damage.
You barely miss the hornet.
The hornet is almost dead.
The orc warrior hits you from afar with a +0 trident.
* * * LOW HITPOINT WARNING * * *
Unknown command.
You puncture the hornet!
You kill the hornet!
Trog accepts your kill.
You can now call in reinforcements.
Your Fighting skill gained 2 levels and is now at level 9!
Your Short Blades skill gained 2 levels and is now at level 11!
Your Armour skill increases to level 4!
Your Dodging skill increases to level 6!
Your Stealth skill increases to level 1!
You have reached level 6!
Your experience leads to an increase in your attributes!
Your base attributes are Str 15, Int 8, Dex 15.
Increase (S)trength, (I)ntelligence, or (D)exterity?
You feel stronger.
Unknown command.
You see here a +0 animal skin.
You feel a strong urge to attack something.
You are no longer berserk.
You are exhausted.
You feel yourself slow down.
Okay, then.
You fail to use your ability.
The orc warrior hits you but does no damage.
Unknown command.
Blink to where?
Press: ? - help, Dir - move target
As you read the scroll of blinking, it crumbles to dust.
You fail to use your ability.
Unknown command.
You fail to use your ability.
The orc warrior hits you from afar with a +0 trident!
You die... ▓▓▓▓▓▓▓▓▓▓▓▓▓▓▓▓▓▓▓▓▓▓▓▓▓▓▓ _____________'.?@.ooy[oo..y ▓▓▓▓▓▓▓▓▓▓▓▓▓▓▓▓▓▓▓▓▓▓▓▓▓▓▓

You could see 2 orc warriors and a vampire mosquito.

Vanquished Creatures
  A hornet (D)
  A necrophage (D)
  A hound (D)
  2 iguanas (D)
  A bat (D)
  A bat zombie (D)
  An endoplasm (D)
  A giant cockroach (D)
  A goblin (D)
  A kobold (D)
11 creatures vanquished.

Notes
Turn   | Place    | Note
-------+----------+-------------------------------------------
     0 | D        | mhtbhm the Kobold Berserker began the quest for the Orb.
     0 | D        | Reached XP level 1. HP: 14/14 MP: 1/1
    12 | D        | Reached ** piety under Trog
    16 | D        | Reached skill level 5 in Short Blades
    16 | D        | Reached XP level 2. HP: 20/20 MP: 2/2
    59 | D        | Noticed a necrophage
    66 | D        | Reached skill level 5 in Fighting
    66 | D        | Reached skill level 6 in Short Blades
    66 | D        | Reached XP level 3. HP: 26/26 MP: 3/3
   216 | D        | Reached *** piety under Trog
   224 | D        | Reached XP level 4. HP: 16/32 MP: 4/4
   231 | D        | Reached skill level 7 in Short Blades
   233 | D        | Killed a necrophage
   234 | D        | Reached skill level 9 in Short Blades
   234 | D        | Reached skill level 5 in Dodging
   234 | D        | Reached XP level 5. HP: 17/39 MP: 5/5
   432 | D        | Found a snail-covered altar of Cheibriados.
   432 | D        | Found a shadowy altar of Dithmenos.
   433 | D        | Found a white marble altar of Elyvilon.
   434 | D        | Found a blossoming altar of Fedhas.
   435 | D        | Found an opulent altar of Gozag.
   436 | D        | Found a hazy altar of Hepliaklqana.
   437 | D        | Found a viscous altar of Jiyva.
   438 | D        | Found an ancient bone altar of Kikubaaqudgha.
   439 | D        | Found a corrupted altar of Lugonu.
   440 | D        | Found a burning altar of Makhleb.
   441 | D        | Found a sparkling altar of Nemelex Xobeh.
   442 | D        | Found an iron altar of Okawaru.
   443 | D        | Found a stormy altar of Qazlal.
   444 | D        | Found a sacrificial altar of Ru.
   445 | D        | Found a shimmering blue altar of Sif Muna.
   446 | D        | Found a bloodstained altar of Trog.
   447 | D        | Found a hide-covered altar of Uskayaw.
   448 | D        | Found a radiant altar of Vehumet.
   449 | D        | Found an ornate altar of the Wu Jian Council.
   450 | D        | Found a shimmering altar of Xom.
   451 | D        | Found a basalt altar of Yredelemnul.
   452 | D        | Found a glowing silver altar of Zin.
   453 | D        | Found a glowing golden altar of the Shining One.
   501 | D        | Noticed a hornet
   501 | D        | Noticed an orc warrior
   501 | D        | Noticed an orc warrior
   501 | D        | Noticed a vampire mosquito
   504 | D        | Paralysed by a hornet for 3 turns
   512 | D        | Killed a hornet
   512 | D        | Reached **** piety under Trog
   513 | D        | Reached skill level 11 in Short Blades
   513 | D        | Reached skill level 1 in Stealth
   513 | D        | Reached XP level 6. HP: 8/47 MP: 6/6
   518 | D        | Mangled by an orc warrior

Illustrated notes

Levels and vault maps discovered:
D:        linesprint [early_d, line_temple, items_1, d_10, items_2, lair_1,
          lair_end, items_3, orc_1, orc_end, items_4, d_15, swamp_1, shoals_1,
          snake_1, spider_1, d_20, vaults_1, items_5, swamp_end, shoals_end,
          snake_end, spider_end, vaults_end, d_27, items_6, zot_1, zot_end,
          crypt_end, forest_end, elf_end, slime_end, tomb_end, abyss_end,
          pan_hell_end]

Skill      XL: |  1  2  3  4  5 |
---------------+----------------+-----
Fighting       | 4 5 7 9 |  9.4
Short Blades   | 5 6 9 11 | 11.2
Armour         | 2 3 4 |  4.1
Dodging        | 3 4 5 6 |  6.9
Stealth        | 1 |  1.6

Action                   |  1- 3 |  4- 6 || total
-------------------------+-------+-------++-------
Melee: Short sword       |    26 |    10 ||    36
       Rapier            |       |     7 ||     7
Invok: Berserk           |     3 |     1 ||     4
  Use: Scroll            |       |     1 ||     1
Armor: Animal skin       |     3 |       ||     3
       Chain mail        |       |    10 ||    10
Dodge: Dodged            |    15 |     9 ||    24

Table legend: (Time is in decaauts)
 A = Elapsed time spent in this place.
 B = Non-inter-level travel time spent in this place.
 C = Inter-level travel time spent in this place.
 D = Time resting spent in this place.
 E = Time spent auto-exploring this place.
 F = Levels seen in this place.
 G = Mean time per level.
                   A        B        C        D        E       F      G
               +--------+--------+--------+--------+--------+-----+--------+
         Total |    535 |    535 |      0 |    408 |      3 |   1 |  535.0 |
       Dungeon |    535 |    535 |      0 |    408 |      3 |   1 |  535.0 |
               +--------+--------+--------+--------+--------+-----+--------+

Top non-repeatable levels by time:
       D: 535 daAuts
